AoeStats
← cgho

Black Forest

506370389Analyzed
4v4 RM · 19d ago on Sep 13, 2026· 38m 12s· 8 players
Game mode
Random Map
Map size
Large (8 player)
Population
200
Speed
Normal
Resources
Standard
Victory
Conquest
Starting age
Dark Age
Ending age
Imperial Age
RankedLock teamsTeams togetherTeam positionsShared explorationLock speedFull tech treeHidden civsTurbo modeCheats
Victory
Defeat
🇹🇼 Japanese · Taiwan
1313
+16
🇭🇰 Mongols · Hong Kong SAR China
1313
+16
🇬🇧 Burmese · United Kingdom
1246
+18
🇦🇺 Georgians · Australia
1236
+19
🇩🇪 Bohemians · Germany
1346
-19
🇨🇳 Lithuanians · China
1305
-17
🇬🇧 Turks · United Kingdom
1294
-17
🇦🇹 Italians · Austria
1268
-16
gytisrepsys
2:23 Loom
13:40 Feudal Age
18:50 Fletching
27:33 Castle Age
25:48 Double-Bit Axe
26:19 Horse Collar
27:52 Wheelbarrow
29:03 Bodkin Arrow
34:21 Imperial Age
32:00 Gold Mining
32:40 Bow Saw
35:07 Bracer
hafnfp13
0:30 Loom
11:41 Feudal Age
16:03 Castle Age
14:03 Double-Bit Axe
16:04 Gold Mining
23:39 Horse Collar
26:54 Bow Saw
27:30 Heavy Plow
31:16 Wheelbarrow
36:36 Imperial Age
34:37 Hand Cart
34:46 Ballistics
35:11 Padded Archer Armor
35:30 Masonry
35:15 Murder Holes
35:31 Fortified Wall
35:15 Guard Tower
37:17 Leather Archer Armor
36:55 Town Watch
38:34 Two-Man Saw
38:06 Crop Rotation
37:42 Town Patrol
38:46 Chemistry
DesFroschi
11:00 Feudal Age
14:37 Castle Age
12:33 Double-Bit Axe
17:10 Chemistry
16:29 Bow Saw
18:59 Loom
28:05 Horse Collar
31:18 Wheelbarrow
35:31 Heavy Plow
35:21 Pikeman
36:01 Squires
35:47 Arson
36:16 Forging
36:06 Scale Mail Armor
36:14 Treadmill Crane
37:53 Hand Cart
Coldplay
11:30 Feudal Age
16:07 Castle Age
19:09 Wheelbarrow
18:24 Double-Bit Axe
18:21 Horse Collar
22:29 Heavy Plow
24:51 Bow Saw
26:15 Hand Cart
26:20 Gold Mining
26:20 Stone Mining
29:13 Fishing Lines
30:21 Scale Barding Armor
30:27 Forging
33:20 Imperial Age
30:37 Treadmill Crane
32:02 Stone Shaft Mining
31:59 Chain Barding Armor
33:10 Iron Casting
32:52 Bloodlines
32:43 Husbandry
33:39 Loom
33:39 Town Watch
34:40 Plate Barding Armor
34:03 Gillnets
35:17 Two-Man Saw
34:52 Conscription
33:53 Elite Leitis
35:29 Crop Rotation
34:58 Elite Skirmisher
35:56 Padded Archer Armor
35:47 Fletching
38:20 Ballistics
39:00 Chemistry
38:12 Masonry
荒野一條蟲
0:29 Loom
13:01 Feudal Age
18:08 Castle Age
16:58 Double-Bit Axe
18:08 Fishing Lines
18:58 Gillnets
22:45 Fletching
29:47 Bow Saw
29:18 Horse Collar
30:57 Wheelbarrow
30:54 Heavy Plow
31:03 Guard Tower
32:10 Hand Cart
31:56 Town Watch
32:19 Bodkin Arrow
32:35 Caravan
34:22 Town Patrol
34:23 Gold Mining
34:37 Yasama
38:13 Imperial Age
cgho
9:17 Feudal Age
9:45 Man-at-Arms
14:32 Double-Bit Axe
15:12 Horse Collar
17:17 Loom
21:08 Gold Mining
23:47 Castle Age
24:41 Bow Saw
28:58 Imperial Age
26:34 Heavy Plow
27:12 Wheelbarrow
28:56 Gold Shaft Mining
28:11 Stone Mining
32:02 Chemistry
31:44 Conscription
34:14 Fletching
34:25 Padded Archer Armor
34:46 Thumb Ring
35:54 Bodkin Arrow
36:16 Leather Archer Armor
37:06 Ballistics
37:58 Bracer
FirstPine3880
12:27 Feudal Age
16:04 Castle Age
15:49 Fishing Lines
21:26 Gillnets
23:45 Wheelbarrow
24:15 Stone Mining
24:16 Gold Mining
26:55 Gold Shaft Mining
31:54 Imperial Age
29:40 Hand Cart
29:10 Loom
29:11 Town Watch
32:13 Caravan
32:30 Horse Collar
33:28 Bloodlines
33:18 Husbandry
32:39 Elite Battle Elephant
33:24 Manipur Cavalry
33:44 Conscription
33:26 Howdah
34:57 Chemistry
34:03 Siege Engineers
34:22 Scale Barding Armor
34:27 Forging
35:45 Chain Barding Armor
38:29 Plate Barding Armor
38:30 Iron Casting
Alicat
5:01 Loom
11:45 Feudal Age
15:44 Castle Age
14:58 Fishing Lines
16:27 Gillnets
17:38 Double-Bit Axe
21:23 Bow Saw
21:31 Horse Collar
25:39 Gold Mining
27:06 Wheelbarrow
28:37 Town Watch
31:33 Imperial Age
29:18 Stone Mining
29:29 Heavy Plow
29:55 Husbandry
30:05 Bloodlines
29:47 Fletching
29:39 Treadmill Crane
31:03 Hand Cart
30:56 Guard Tower
31:26 Masonry
31:39 Ballistics
31:28 Light Cavalry
31:56 Capped Ram
32:54 Svan Towers
32:51 Bodkin Arrow
33:32 Keep
32:43 Arrowslits
32:30 Hussar
33:33 Siege Engineers
33:47 Siege Ram
34:40 Bracer
34:46 Scale Barding Armor
36:45 Arrowslits
37:27 Chain Barding Armor
39:22 Chemistry
Connection lost

Rejoining the realm…

Still unreachable

The connection could not be restored.

Session expired

The server has moved on; the page needs a fresh start.